Map: Incorporeal LE

Players

Harstem - Winner!

  • Race: Protoss Protoss
  • League: Grandmaster
  • Spawn Location: 11:00

A.I. 1 (Very Easy)

  • Race: Zerg Zerg
  • Spawn Location: 5:00

VOD

Have the link to the VOD?

Description

Time

  • Played on: Aug. 21, 2025, 10:39 a.m.
  • Length: 9:05
Show
View Real Time Build Order
Export as new Build Order

Harstem Protoss - Winner!

Build Orders: 1 Gate Expand, Archon Immortal, Mass Adepts 

Get SALT Encoding   

  12  0:00  Probe  
  13  0:12  Probe  
  14  0:20  Pylon  
  14  0:24  Probe  
  15  0:34  Probe  
  15  0:41  Gateway  
  15  0:42  Probe  
  17  0:50  Assimilator  
  17  0:52  Probe  
  18  1:04  Probe  
  19  1:16  Probe  
  20  1:26  Nexus  
  20  1:35  Cybernetics Core  
  20  1:38  Probe  
  21  1:43  Assimilator  
  21  1:50  Probe  
  21  1:53  Pylon  
  22  2:02  Adept, Probe  
  23  2:11  Warp Gate  
  23  2:15  Probe  
  26  2:24  Adept, Twilight Council  
  26  2:27  Probe  
  27  2:35  Probe  
  29  2:39  Probe  
  29  2:43  Probe  
  31  2:50  Resonating Glaives  
  31  2:51  Probe  
  33  2:52  Probe  
  34  3:03  Gateway  
  34  3:04  Probe, Gateway  
  35  3:06  Gateway  
  35  3:08  Probe  
  36  3:14  Adept  
  36  3:16  Probe  
  39  3:20  Probe  
  40  3:28  Probe  
  40  3:32  Probe  
  42  3:39  Nexus  
  42  3:42  Pylon  
  42  3:44  Probe  
  42  3:48  Pylon  
  44  4:01  Adept x4  
  51  4:03  Probe  
  51  4:04  Probe  
  51  4:09  Pylon  
  53  4:19  Probe  
  53  4:22  Adept x4  
  62  4:27  Probe  
  63  4:32  Probe  
  63  4:33  Assimilator  
  63  4:35  Robotics Facility  
  64  4:39  Probe  
  64  4:43  Assimilator  
  64  4:44  Adept, Probe  
  68  4:45  Adept  
  68  4:47  Probe  
  68  4:48  Phoenix  
  68  4:51  Probe  
  72  4:56  Probe x2  
  72  4:58  Zealot  
  76  5:02  Sentry, Pylon  
  76  5:05  Probe  
  79  5:08  Pylon, Probe  
  79  5:12  Immortal, Probe  
  81  5:17  Shield Battery, Probe  
  81  5:20  Probe  
  83  5:24  Sentry  
  83  5:25  Probe  
  90  5:29  Probe  
  90  5:32  Probe  
  90  5:33  Pylon  
  92  5:37  Probe  
  92  5:40  Pylon  
  92  5:41  Immortal, Probe  
  94  5:45  Forge  
  94  5:46  Probe  
  96  5:50  Charge  
  96  5:53  Probe  
  96  5:55  Assimilator  
  96  5:57  Protoss Ground Weapons Level 1, Probe  
  100  5:58  Pylon  
  100  6:00  Assimilator, Probe  
  102  6:04  Pylon  
  102  6:05  Probe  
  102  6:09  Gateway  
  102  6:11  Gateway  
  103  6:12  Probe  
  103  6:18  Immortal  
  105  6:19  Templar Archives  
  105  6:20  Probe  
  107  6:30  Probe  
  107  6:32  Pylon  
  108  6:35  Pylon  
  108  6:44  Psionic Storm, Gateway  
  108  6:45  Gateway  
  108  6:48  Warp Prism  
  108  6:56  High Templar x2  
  114  7:04  Nexus  
  114  7:05  High Templar  
  114  7:06  Pylon, Photon Cannon  
  114  7:08  Probe  
  117  7:10  High Templar  
  119  7:17  Probe  
  119  7:21  High Templar  
  119  7:22  Zealot, Pylon  
  124  7:25  Pylon  
  122  7:31  Immortal, Photon Cannon  
  122  7:34  Shield Battery  
  126  7:39  Probe  
  126  7:40  Probe  
  126  7:42  Probe  
  126  7:43  Zealot x3, High Templar x2  
  126  7:44  Zealot  
  141  7:49  Archon  
  141  7:51  Probe  
  141  7:53  Probe  
  141  7:54  Assimilator  
  143  8:00  Assimilator  
  143  8:04  Photon Cannon  
  143  8:06  Probe  
  143  8:07  Probe  
  143  8:08  Immortal  
  143  8:11  Zealot x5  
  143  8:12  Zealot  
  161  8:20  High Templar x2  
  161  8:23  Pylon, Probe  
  161  8:24  Archon  
  166  8:31  Probe  
  166  8:32  Probe x2  
  169  8:35  Probe  
  169  8:38  Zealot x5  
  169  8:41  Zealot  
  182  8:44  Pylon  
  182  8:46  Pylon  
  182  9:02  Robotics Facility  
Show
View Real Time Build Order
Export as new Build Order

A.I. 1 (Very Easy) Zerg 

Build Orders: Pool First 

Get SALT Encoding   

  12  0:00  Drone  
  13  0:12  Overlord  
  13  0:16  Drone  
  14  0:36  Spawning Pool  
  14  0:37  Extractor  
  14  0:39  Drone  
  13  0:46  Drone  
  14  0:51  Overlord  
  14  1:24  Zergling x2, Queen  
  17  1:31  Roach Warren  
  16  1:35  Drone  
  16  1:38  Extractor  
  16  1:41  Zergling x2  
  16  1:44  Drone  
  18  1:57  Drone  
  18  1:58  Zergling x2  
  20  2:07  Drone  
  21  2:18  Drone  
  22  2:29  Drone  
  23  2:30  Overlord  
  23  2:36  Drone  
  24  2:43  Drone  
  25  4:11  Zergling x2  
  25  4:52  Zergling x2  
  26  4:59  Queen  
  23  5:00  Drone  
  19  5:08  Drone  
  19  5:11  Zergling x2  
  12  5:15  Drone  
  7  5:22  Drone  
  8  5:28  Zergling x2  
  8  5:29  Drone  
  10  5:37  Drone  
  10  5:41  Lair  
  11  5:44  Drone  
  10  5:51  Drone  
  11  5:57  Roach  
  11  5:58  Drone  
  12  6:05  Drone  
  13  6:12  Drone  
  14  6:20  Drone  
  15  6:26  Zergling x2  
  15  6:27  Drone  
  17  6:34  Drone  
  17  6:38  Overseer, Queen  
  17  6:39  Overseer  
  18  6:45  Drone  
  18  6:55  Drone  
  19  7:06  Drone  
  20  7:17  Drone  
  21  7:27  Drone  
  22  7:38  Drone  
  23  7:49  Drone  
  26  7:58  Drone, Roach  
  26  7:59  Overlord  
  27  8:05  Drone  
  25  8:22  Drone  
  25  8:23  Hatchery  
  25  8:27  Zergling x2  
  17  8:29  Drone  
  5  8:36  Drone  
  5  8:43  Drone  
  2  8:51  Drone  
Tags
 
Add a new tag
Caveats
  • Supply blocks, unpowered buildings, or Contaminate may cause inaccurate times.
  • Supply counts are checked every 10 seconds.